 Dungeon Crawl Stone Soup version 0.19-a0-1097-g38e3b35 (webtiles) character file.

220 epen the Insei (level 5, 0/36 HPs)
             Began as an Octopode Monk on Aug 8, 2016.
             Slain by Pikel
             ... wielding a +0 whip of flaming
              (3 damage)
             ... while paralysed by Pikel
             ... on level 4 of the Dungeon.
             The game lasted 00:04:33 (3653 turns).

epen the Insei (Octopode Monk)                      Turns: 3653, Time: 00:04:34

Health: 0/36       AC:  1    Str: 11    XL:     5   Next: 97%
Magic:  5/5        EV:  2    Int: 12    God:
Gold:   233        SH:  0    Dex: 15    Spells: 0 memorised, 4 levels left

rFire  . . .     SeeInvis .       - Unarmed
rCold  . . .     Gourm    .     (no shield)
rNeg   . . .     Faith    .     (helmet restricted)
rPois  .         Spirit   .     (no amulet)
rElec  .         Dismiss  .     (no ring)
rCorr  .         Reflect  .     (no ring)
SustAt .         Harm     .     (no ring)
MR     .....                    (no ring)
Stlth  +++.......               (no ring)
                                (no ring)
                                (no ring)
                                (no ring)

@: paralysed
A: almost no armour, amphibious, 8 rings, constrict 8, camouflage 1, gelatinous
body 1
a: no special abilities


You were on level 4 of the Dungeon.
You were near starving.

You visited 1 branch of the dungeon, and saw 4 of its levels.

You collected 233 gold pieces.

Inventory:

Jewellery
 m - an uncursed amulet of regeneration {unknown}
 o - a cursed -2 ring of slaying {unknown}
 w - an uncursed ring of sustain attributes {unknown}
Wands
 u - a wand of polymorph (6/24)
Scrolls
 b - a scroll of enchant armour {unknown}
 c - 2 scrolls of teleportation {unknown}
 g - 5 scrolls of identify {unknown}
 h - a scroll of fear {unknown}
 i - a scroll of noise {unknown}
 j - a scroll of fog {unknown}
 n - a scroll of blinking {unknown}
 r - 2 scrolls of remove curse {unknown}
 v - a scroll of random uselessness {unknown}
Potions
 d - a potion of lignification {unknown}
 e - 2 potions of heal wounds
 f - 3 potions of flight {unknown}
 k - a potion of brilliance {unknown}
 l - 4 potions of curing {unknown}
 s - a potion of agility {unknown}
Comestibles
 a - 3 bread rations
 p - a slice of pizza
 q - a meat ration
 t - 3 fruits


   Skills:
 + Level 3.6 Fighting
 + Level 4.0 Dodging
 - Level 2.6 Stealth
 * Level 5.3 Unarmed Combat


You had 4 spell levels left.
You didn't know any spells.

Dungeon Overview and Level Annotations

Branches:
Dungeon (4/15)
 Temple: D:4-7

Altars:
Dithmenos
Gozag
Makhleb
Okawaru
Zin

Shops:
D:4 :

Annotations:
D:4 Pikel


Innate Abilities, Weirdness & Mutations

You cannot wear most types of armour.
You are amphibious.
You can wear up to eight rings at the same time.
You can use your tentacles to constrict eight enemies at once.
Your skin changes colour to match your surroundings (Stealth+).
Your rubbery body absorbs attacks. (AC +1, EV +1)


Message History

You squeeze Pikel.
Pikel is severely wounded.
You constrict Pikel, but do no damage. Pikel misses you.
You are near starving!
You tentacle-slap Pikel.
You tentacle-slap Pikel, but do no damage.
Pikel is almost dead.
You constrict Pikel.
Pikel zaps a wand.
You suddenly lose the ability to move!
You lose your grip on Pikel.
It is a wand of paralysis.
Pikel hits you with a whip of flaming. Pikel burns you.
Pikel hits you with a whip of flaming!
* * * LOW HITPOINT WARNING * * *
Pikel burns you.
* * * LOW HITPOINT WARNING * * *
Pikel hits you with a whip of flaming.
* * * LOW HITPOINT WARNING * * *
Pikel burns you.
* * * LOW HITPOINT WARNING * * *
Pikel hits you with a whip of flaming.
You die...

..# #.# #.######### #
#.........###### ..
##.............# ...
#.............# ....
#.............# .....
##............###p.....
#.............@Kpp....
##..........####p#....
###.......## # #
#########


You could see Pikel and 4 slaves.

Vanquished Creatures
  2 orc wizards (D:3)
  A worker ant (D:4)
  Robin (D:2)
  2 adders (D:2)
  4 worms
  A dart slug (D:1)
  2 giant geckos
  7 orcs (D:3)
  9 bats
  2 giant cockroaches
  20 goblins
  10 hobgoblins
  3 jackals (D:2)
  3 quokkas
  A ball python (D:1)
  A giant newt (D:2)
  11 kobolds
  9 rats
89 creatures vanquished.

Notes
Turn   | Place    | Note
-------+----------+-------------------------------------------
     0 | D:1      | epen the Octopode Monk began the quest for the Orb.
     0 | D:1      | Reached XP level 1. HP: 16/16 MP: 1/1
   290 | D:1      | Reached XP level 2. HP: 21/21 MP: 2/2
   968 | D:2      | Reached XP level 3. HP: 24/26 MP: 3/3
  1071 | D:2      | Noticed Robin
  1200 | D:2      | Reached skill level 4 in Unarmed Combat
  1282 | D:2      | Killed Robin
  1464 | D:2      | Found a glowing silver altar of Zin.
  1489 | D:2      | Reached XP level 4. HP: 31/31 MP: 4/4
  1565 | D:2      | Found a burning altar of Makhleb.
  1565 | D:2      | Noticed a balrug
  1965 | D:2      | Found an iron altar of Okawaru.
  2471 | D:3      | Reached XP level 5. HP: 32/36 MP: 5/5
  2538 | D:3      | Reached skill level 5 in Unarmed Combat
  3147 | D:4      | Found a burning altar of Makhleb.
  3166 | D:4      | Found a shadowy altar of Dithmenos.
  3302 | D:4      | Found an opulent altar of Gozag.
  3500 | D:4      | Found Sazeq's Book Shop.
  3637 | D:4      | Noticed Pikel
  3639 | D:4      | Noticed a slave
  3639 | D:4      | Noticed a slave
  3640 | D:4      | Noticed a slave
  3640 | D:4      | Noticed a slave
  3649 | D:4      | Paralysed by Pikel for 6 turns
  3653 | D:4      | Slain by Pikel

Vault maps used:
D:1:      minmay_arrival_three_doors, minmay_misc_feat_hallway
D:2:      kennysheep_goblin_castle, zin_academy, marbit_many_paths, first_bread,
          minivault_19, makhleb_altar_promises_db
D:4:      nicolae_overflow_hidden_temple, grunt_dithmenos_smoke,
          grunt_gozag_statues, serial_shops, shop, grunt_ministairs_10,
          uniq_pikel

Skill      XL: |  1  2  3  4  5 |
---------------+----------------+-----
Unarmed Combat | 4 5 |  5.3
Dodging        | 4 |  4.0
Fighting       | |  3.6
Stealth        | |  2.6

Action                   |  1- 3 |  4- 6 || total
-------------------------+-------+-------++-------
Melee: Unarmed           |    76 |   115 ||   191
       Constrict         |    18 |    32 ||    50
       Tentacles         |    14 |    21 ||    35
       Punch             |     2 |     8 ||    10
  Use: Potion            |       |     2 ||     2
 Stab: Sleeping          |     8 |    19 ||    27
  Eat: Chunk             |     2 |     5 ||     7
Armor: Skin              |     4 |     4 ||     8
Dodge: Dodged            |    45 |    51 ||    96
